 Dungeon Sprint DCSS version 0.18-a0-1789-gbeff17f (webtiles) character file.

2304 Kidiri the Covert (level 9, -9/46 HPs)
             Began as a Spriggan Enchanter on Apr 21, 2016.
             Was a Believer of Dithmenos.
             Killed by an exploding giant spore (20 damage)
             ... in the Dungeon (Sprint I: "Red Sonja").
             The game lasted 00:03:57 (958 turns).

Kidiri the Covert (Spriggan Enchanter)               Turns: 958, Time: 00:03:57

Health: -9/46      AC:  3    Str:  4    XL:     9   Next: 18%
Magic:  21/24      EV: 28    Int: 18    God:    Dithmenos [**....]
Gold:   715        SH:  0    Dex: 18    Spells: 5 memorised, 16 levels left

rFire  . . .     SeeInvis +     a - +1 dagger
rCold  . . .     Gourm    .     b - +1 robe
rNeg   . . .     Faith    .     (shield restricted)
rPois  .         Spirit   .     (helmet restricted)
rElec  .         Dismiss  .     (no cloak)
rCorr  .         Reflect  .     (gloves unavailable)
SustAt .         Harm     .     (boots unavailable)
MR     +....     NoTele   +     (no amulet)
Stlth  +++.......               (no ring)
                                (no ring)

@: confused, wreathed by umbra, very quick, somewhat resistant to hostile
enchantments, fairly stealthy
A: unfitting armour, see invisible, herbivore 3, speed 3, slow metabolism 2
a: Shadow Step, Renounce Religion


You were in the Dungeon.
You worshipped Dithmenos.
Dithmenos was pleased with you.
You were not hungry.

You visited 1 branch You collected 715 gold pieces.

Inventory:

Hand Weapons
 a - a +1 dagger (weapon)
Armour
 b - a +1 robe (worn)
Wands
 e - a wand of lightning (5/15)
Scrolls
 j - a scroll of blinking
 l - a scroll of fog {unknown}
 m - a scroll of amnesia {unknown}
 n - a scroll of enchant weapon {unknown}
 o - a scroll of identify {unknown}
Potions
 g - a potion of haste
 h - 2 potions of magic
 i - a potion of berserk rage
 p - 2 potions of flight {unknown}
Books
 c - a book of Maledictions

   Spells                             Type                      Level
   a - Corona                         Hexes                        1
   b - Ensorcelled Hibernation        Hexes/Ice                    2
   c - Confuse                        Hexes                        3
   d - Tukima's Dance                 Hexes                        3
   e - Dazzling Spray                 Conjuration/Hexes            3
Comestibles
 d - a bread ration
 k - a slice of pizza


   Skills:
 + Level 4.6 Fighting
 * Level 9.1 Short Blades
 + Level 4.2 Armour
 * Level 11.8 Dodging
 * Level 13.1 Stealth
 * Level 10.2 Spellcasting
 + Level 3.7 Conjurations
 + Level 7.9 Hexes
 + Level 4.4 Ice Magic
 - Level 3.8 Invocations


You had 16 spell levels left.
You knew the following spells:

 Your Spells              Type           Power        Failure   Level  Hunger
a - Corona                Hex            #####..      1%          1    None
b - Ensorcelled Hibernat  Hex/Ice        ####..       1%          2    None
c - Confuse               Hex            #####...     1%          3    None
d - Tukima's Dance        Hex            #####...     1%          3    None
e - Dazzling Spray        Conj/Hex       ####....     2%          3    None


Dungeon Overview and Level Annotations

Branches:
Dungeon (1/1)

Altars:
Cheibriados
Dithmenos
Elyvilon
Fedhas
Gozag
Kikubaaqudgha
Makhleb
Nemelex Xobeh
Okawaru
Pakellas
Qazlal
Ru
Sif Muna
Trog
Vehumet
Xom
Yredelemnul
Zin
The Shining One
Jiyva

Shops:
D *![

Annotations:
D exclusion: oklob plant


Innate Abilities, Weirdness & Mutations

You are tiny and cannot use many weapons and most armour.
You have supernaturally acute eyesight.
You are a herbivore.
You cover ground extremely quickly.
You need consume almost no food.


Message History

A fungus suddenly grows.
The explosion of spores engulfs the ballistomycete.
The explosion of spores engulfs you!
You are confused.
* * * LOW HITPOINT WARNING * * *
An active ballistomycete comes into view.
Found 27 gold pieces.
You're too confused to move!
You feel less confused.
Unknown command.
Found 54 gold pieces.
A redback comes into view.
Marking area around the oklob plant as unsafe for travelling.
An oklob plant comes into view.
The giant spore explodes!
A fungus suddenly grows.
The explosion of spores engulfs the ballistomycete.
The explosion of spores engulfs you!
You are confused.
You die...

##################
.)'..#.)'..#__#..+
..#.)'..#..+^.+..#
####+#####'#__####
###..#...#)####§§# ##
__####..##.#≈≈P§@#§.#
_.___##+#..'≈≈§§§'§§#
_.∩...'..._#≈P(PP#.§#
_..._##_[#+##y#####s#
_____###'#[#y§(.###P'$
########(####'###.###$#
......+...+.(*y.'.∩# .#
+++####(.(########## #
##.##


You could see an oklob plant (unaware), a redback (wandering), an active
ballistomycete and a wasp (wandering).

Vanquished Creatures
  A centaur warrior (D)
  Sonja (D)
  A deep troll (D)
  A slime creature (D)
  Sigmund (D)
  A yak (D)
  An ogre (D)
  A jelly (D)
  Ijyb (D)
  A giant spore (D)
10 creatures vanquished.

Notes
Turn   | Place    | Note
--------------------------------------------------------------
     0 | D        | Kidiri the Spriggan Enchanter began the quest for the Orb.
     0 | D        | Reached XP level 1. HP: 9/9 MP: 5/5
     2 | D        | Noticed Ijyb
     4 | D        | Killed Ijyb
     4 | D        | Reached skill level 1 in Fighting
     4 | D        | Reached skill level 5 in Stealth
     4 | D        | Reached XP level 2. HP: 14/14 MP: 5/7
     9 | D        | Learned a level 2 spell: Ensorcelled Hibernation
    27 | D        | Noticed an ogre
    29 | D        | Killed an ogre
    29 | D        | Reached skill level 1 in Armour
    29 | D        | Reached skill level 7 in Stealth
    29 | D        | Reached skill level 5 in Spellcasting
    29 | D        | Reached skill level 1 in Ice Magic
    29 | D        | Reached XP level 3. HP: 18/18 MP: 7/10
    29 | D        | Reached XP level 4. HP: 23/23 MP: 8/12
    34 | D        | Learned a level 3 spell: Confuse
    38 | D        | Learned a level 3 spell: Tukima's Dance
    42 | D        | Learned a level 3 spell: Dazzling Spray
    63 | D        | Noticed Sigmund
    79 | D        | Killed Sigmund
    79 | D        | Reached skill level 5 in Short Blades
    79 | D        | Reached skill level 9 in Stealth
    79 | D        | Reached skill level 1 in Conjurations
    79 | D        | Reached skill level 5 in Hexes
    79 | D        | Reached XP level 5. HP: 21/27 MP: 6/15
    79 | D        | Reached XP level 6. HP: 25/32 MP: 6/16
   243 | D        | Found a snail-covered altar of Cheibriados.
   243 | D        | Found a shadowy altar of Dithmenos.
   243 | D        | Noticed a slime creature
   244 | D        | Found a viscous altar of Jiyva.
   244 | D        | Found a blossoming altar of Fedhas.
   247 | D        | Became a worshipper of Dithmenos the Shadowed
   249 | D        | Killed a slime creature
   249 | D        | Reached skill level 10 in Stealth
   249 | D        | Reached skill level 1 in Invocations
   446 | D        | Found a deep blue altar of Sif Muna.
   448 | D        | Found a radiant altar of Vehumet.
   484 | D        | Found Yloheuf's Distillery.
   484 | D        | Found a white marble altar of Elyvilon.
   484 | D        | Found a stormy altar of Qazlal.
   484 | D        | Found a burning altar of Makhleb.
   484 | D        | Found a sacrificial altar of Ru.
   484 | D        | Found an oddly glowing altar of Pakellas.
   484 | D        | Found a basalt altar of Yredelemnul.
   484 | D        | Found a glowing golden altar of the Shining One.
   484 | D        | Found a sparkling altar of Nemelex Xobeh.
   484 | D        | Found a shimmering altar of Xom.
   484 | D        | Found an opulent altar of Gozag.
   484 | D        | Found an ancient bone altar of Kikubaaqudgha.
   484 | D        | Found a glowing silver altar of Zin.
   484 | D        | Noticed a yak
   485 | D        | Found an iron altar of Okawaru.
   486 | D        | Killed a yak
   486 | D        | Reached * piety under Dithmenos
   486 | D        | Reached XP level 7. HP: 36/36 MP: 19/19
   487 | D        | Found a bloodstained altar of Trog.
   499 | D        | Noticed Sonja
   512 | D        | Killed Sonja
   512 | D        | Reached skill level 10 in Dodging
   512 | D        | Reached skill level 11 in Stealth
   512 | D        | Reached XP level 8. HP: 26/42 MP: 12/21
   535 | D        | Found Ivigheych's Assorted Antiques.
   632 | D        | Noticed a deep troll
   645 | D        | Killed a deep troll
   645 | D        | Reached skill level 12 in Stealth
   662 | D        | Found Humaf's Armour Emporium.
   826 | D        | Noticed a centaur warrior
   827 | D        | Noticed a centaur warrior
   928 | D        | Killed a centaur warrior
   928 | D        | Reached ** piety under Dithmenos
   928 | D        | Reached skill level 13 in Stealth
   928 | D        | Reached skill level 10 in Spellcasting
   928 | D        | Reached XP level 9. HP: 22/46 MP: 20/24
   958 | D        | Noticed an oklob plant
   958 | D        | Killed by an exploding giant spore

Vault maps used:
D:        dungeon_sprint_1

Skill      XL: |  1  2  3  4  5  6  7  8 |
---------------+-------------------------+-----
Fighting       | 1 2 3 4 |  4.6
Short Blades   | 2 4 5 6 7 9 |  9.1
Dodging        | 4 6 7 9 10 11 | 11.8
Stealth        | 5 7 9 10 11 13 | 13.1
Spellcasting   | 3 5 6 7 8 10 | 10.2
Hexes          | 4 5 6 7 |  7.9
Armour         | 1 2 3 4 |  4.2
Ice Magic      | 1 2 3 4 |  4.4
Conjurations   | 1 2 3 |  3.7
Invocations    | 2 3 |  3.8

Action                   |  1- 3 |  4- 6 |  7- 9 || total
-------------------------+-------+-------+-------++-------
Melee: Dagger            |     2 |    14 |     8 ||    24
 Cast: Ensorcelled Hiber |       |     2 |     8 ||    10
       Confuse           |       |     1 |     2 ||     3
       Dazzling Spray    |       |     1 |     4 ||     5
  Use: Potion            |       |       |     2 ||     2
 Stab: Sleeping          |     2 |     3 |     2 ||     7
       Confused          |       |     2 |     1 ||     3
Dodge: Dodged            |       |     3 |    23 ||    26
